 Dungeon Crawl Stone Soup version 0.26.1-11-gd32895ea62 (webtiles) character file.

Game seed: 711253254411242848

35 Arcadio the Chiller (level 3, -12/19 HPs)
             Began as a Gargoyle Ice Elementalist on May 22, 2021.
             Mangled by an ogre
             ... wielding a +0 giant spiked club
              (21 damage)
             ... on level 2 of the Dungeon.
             The game lasted 00:02:56 (1683 turns).

Arcadio the Chiller (Gargoyle Ice Elementalist)     Turns: 1683, Time: 00:02:57

Health: -12/19     AC:  5    Str: 11    XL:     3   Next: 33%
Magic:  6/6        EV: 12    Int: 16    God:
Gold:   67         SH:  0    Dex: 10    Spells: 5/6 levels left

rFire    . . .     SeeInvis .   f - +0 dagger (venom)
rCold    . . .     Faith    .   (no shield)
rNeg     + . .     Spirit   .   a - +0 robe
rPois    ∞         Reflect  .   (no helmet)
rElec    +         Harm     .   (no cloak)
rCorr    .         Rampage  .   (no gloves)
Will     .....                  (no boots)
Stlth    ++........             (no amulet)
HPRegen  0.06/turn              (no ring)
MPRegen  0.10/turn              (no ring)

@: no status effects
A: negative energy resistance 1, electricity resistance, unbreathing,
petrification resistance, miasma immunity, AC +3
a: no special abilities


You were on level 2 of the Dungeon.
You visited 1 branch of the dungeon, and saw 2 of its levels.

You collected 67 gold pieces.

Inventory:

Hand Weapons
 d - a +0 dagger
 f - a +0 dagger of venom (weapon)
Armour
 a - a +0 robe (worn)
 c - a +0 pair of boots
 e - a +0 pair of boots
 k - a +0 pair of gloves
Jewellery
 h - an uncursed amulet of the acrobat {unknown}
 m - a +4 ring of evasion {unknown}
 o - an uncursed ring of see invisible {unknown}
Scrolls
 i - a scroll of immolation {unknown}
 j - a scroll of enchant weapon {unknown}
 l - 2 scrolls of teleportation {unknown}
 r - a scroll of identify
Potions
 b - 5 potions of curing
 g - a potion of degeneration
 n - 2 potions of flight {unknown}
 p - a potion of heal wounds {unknown}
 q - a potion of brilliance {unknown}


   Skills:
 + Level 2.0 Dodging
 + Level 2.8 Stealth
 - Level 2.0 Spellcasting
 * Level 4.5 Ice Magic


You had 5 spell levels left.
You knew the following spells:

 Your Spells              Type           Power        Failure   Level
a - Freeze                Ice            64%          3%          1

Your spell library contained the following spells:

 Spells                   Type           Power        Failure   Level
 Frozen Ramparts          Ice            32%          10%         3
 Ozocubu's Armour         Ice            16%          10%         3
 Hailstorm                Conj/Ice       8%           63%         4
 Summon Ice Beast         Ice/Summ       8%           63%         4


Dungeon Overview and Level Annotations

Branches:
Dungeon (2/15)

Altars:
Zin


Innate Abilities, Weirdness & Mutations

You are resistant to torment.
Your stone body is resilient. (AC +3)
You are immune to poison.
You resist negative energy. (rN+)
You are resistant to electric shocks. (rElec)
You can survive without breathing.
You are immune to petrification.
You are immune to miasma.


Message History

You now have 67 gold pieces (gained 11).
You see here 11 arrows.
Things that are here:
a +0 club; a +0 leather armour An ogre is nearby!
The ogre closely misses you.
You barely miss the ogre.
The ogre hits you with a +0 giant spiked club!
Ouch! That really hurt!
You hit the ogre but do no damage. The ogre closely misses you.
You hit the ogre.
The ogre is poisoned.
The ogre is lightly wounded.
You hit the ogre.
The ogre looks as sick as possible!
The ogre is moderately wounded.
The ogre barely misses you.
You hit the ogre.
The ogre looks as sick as possible!
The ogre is heavily wounded.
The ogre hits you with a +0 giant spiked club!!
Ouch! That really hurt!
You die...

.......## . ###.#### #...#
#.# ...# # #.# ###.###
###.#######.....# ###
.##.............###.##
.....####.......##...##
.###.####.......#...>.## ##
#.#..........@O.....#
####.#.##..###.##.....##
##...#(##..###.###...###
...............# ##..).#
###..#.#..#.).## ####.#
_.##.#.#.#.##.# #####.####
'##....#.####.####........#
......##.##.....##........#
...8..##.##.....##........#


You could see an ogre (extremely poisoned).

Vanquished Creatures
  An adder (D:2)
  A leopard gecko (D:1)
  A giant cockroach (D:2)
  5 goblins
  4 hobgoblins
  5 kobolds (D:1)
  2 quokkas (D:2)
  2 bats (D:1)
  2 rats
23 creatures vanquished.

Notes
Turn   | Place    | Note
-------+----------+-------------------------------------------
     0 | D:1      | Arcadio the Gargoyle Ice Elementalist began the quest for
                  | the Orb.
     0 | D:1      | Reached XP level 1. HP: 10/10 MP: 3/3
   196 | D:1      | Reached XP level 2. HP: 13/15 MP: 5/5
  1134 | D:2      | Reached XP level 3. HP: 7/19 MP: 6/6
  1175 | D:2      | Noticed an ogre
  1568 | D:2      | Found a glowing silver altar of Zin.
  1683 | D:2      | Mangled by an ogre

Illustrated notes

Levels and vault maps discovered:
D:1:      co_arrival_random_square_maze, layout_basic, minmay_misc_feat_square
D:2:      layout_loops_cross, zin_statuary, minivault_5, uniq_jessica

Skill      XL: |  1  2 |
---------------+-------+-----
Dodging        | 2 |  2.0
Stealth        | |  2.8
Spellcasting   | |  2.0
Ice Magic      | |  4.5

Action                   || total
-------------------------++-------
Melee: Dagger            ||    65
       Unarmed           ||     3
 Cast: Freeze            ||     1
  Use: Scroll            ||     3
       Potion            ||     1
 Stab: Sleeping          ||     2
Armor: Robe              ||    23
Dodge: Dodged            ||    49
